 Dungeon Crawl Stone Soup version 0.30-a0-1112-gfb780f5df6 (webtiles) character file.

Game seed: 16299573803291997918

366 Aneyh the Cutter (level 6, -7/38 HPs)
             Began as a Tengu Fighter on Apr 19, 2023.
             Killed by nerve-wracking pain
             ... invoked by an orc priest
              (13 damage)
             ... on level 4 of the Dungeon.
             The game lasted 00:06:26 (3217 turns).

Aneyh the Cutter (Tengu Fighter)                    Turns: 3217, Time: 00:06:27

Health: -7/38      AC:  8    Str: 18    XL:     6   Next: 68%
Magic:  7/7        EV: 10    Int: 14    God:
Gold:   102        SH:  5    Dex: 14    Spells: 5/5 levels left

rFire   . . .      SeeInvis .    a - +0 rapier
rCold   . . .      Faith    .    c - +0 buckler
rNeg    . . .      Spirit   .    b - +0 scale mail
rPois   .          Reflect  .    (helmet restricted)
rElec   .          Rampage  .    (no cloak)
rCorr   .                        k - +0 pair of gloves
Will    .....                    (boots unavailable) Stlth
                                 (no amulet)
HPRegen 0.26/turn                r - +6 ring of intelligence
MPRegen 0.10/turn                (no ring)

@: flying quickly and evasively, quick
A: beak, talons 3, nimble flight
a: no special abilities


You were on level 4 of the Dungeon.
You visited 1 branch of the dungeon, and saw 4 of its levels.

You collected 102 gold pieces.

Inventory:

Hand Weapons
 a - a +0 rapier (weapon)
 i - a +0 trident
 p - a +0 halberd
Armour
 b - a +0 scale mail (worn)
 c - a +0 buckler (worn)
 k - a +0 pair of gloves (worn)
Jewellery
 r - a +6 ring of intelligence (left hand)
Scrolls
 e - 3 scrolls of poison {unknown}
 f - 6 scrolls of identify {unknown}
 g - 2 scrolls of magic mapping {unknown}
 j - a scroll of silence {unknown}
 l - a scroll of torment {unknown}
 n - 2 scrolls of acquirement {unknown}
 q - 2 scrolls of teleportation {unknown}
 t - 2 scrolls of immolation {unknown}
 u - a scroll of fear {unknown}
 x - a scroll of summoning {unknown}
Potions
 d - a potion of might
 h - a potion of haste {unknown}
 m - a potion of magic {unknown}
 o - a potion of curing
 s - a potion of flight
 v - a potion of lignification {unknown}
 w - 2 potions of ambrosia {unknown}
 z - a potion of degeneration {unknown}
 A - a potion of mutation {unknown}


   Skills:
 + Level 4.0 Fighting
 - Level 7.0 Short Blades
 - Level 3.2 Armour
 - Level 3.0 Shields


You had 5 spell levels left.
You didn't know any spells.
Your spell library contained the following spells:

 Spells                   Type           Power      Damage    Failure   Level
 Cigotuvi's Dreadful Rot  Necr/Pois/Air  0%         N/A       87%         2
 Ensorcelled Hibernation  Hex/Ice        0%         N/A       87%         2
 Ignite Poison            Fire/Tmut/Pois 0%         N/A       98%         3
 Spider Form              Tmut/Pois      0%         N/A       98%         3
 Anguish                  Hex/Necr       0%         N/A       100%        4
 Freezing Cloud           Conj/Ice/Air   0%         6-21      100%        5


Dungeon Overview and Level Annotations

Branches:
Dungeon (4/15)
 Temple: D:4-7

Altars:

Shops:
D:1 =


Innate Abilities, Weirdness & Mutations

You have a beak for a mouth.
You have claws for feet.
Your magical nature lets you fly swiftly and evasively.


Message History

The adder barely misses you. The adder closely misses you.
You see here a scroll labelled RALEAS UVOAFONG.
What are your orders? t - Shout!
Orders for allies: a - Attack new target. r - Retreat! s - Stop attacking. g - Guard the area. f - Follow me.
Anything else - Cancel.
Okay, then.
The adder attacks as you move away! The adder completely misses you.
The adder attacks as you move away! You block the adder's attack.
The orc priest mumbles some strange prayers to Beogh against you.
Beogh smites you!
* * * LOW HITPOINT WARNING * * *
The adder attacks as you move away! You block the adder's attack.
The adder barely misses you. The adder attacks as you move away!
The adder bites you.
* * * LOW HITPOINT WARNING * * *
You closely miss the adder. You claw the adder!
The adder is severely wounded.
The adder bites you.
* * * LOW HITPOINT WARNING * * *
You are lethally poisoned!
The adder poisons you!
It was a potion of flight.
You feel more buoyant.
* * * LOW HITPOINT WARNING * * *
You feel sick. The adder bites you but does no damage.
It was a potion of curing.
You feel better. The adder bites you but does no damage. The adder bites you.
* * * LOW HITPOINT WARNING * * *
You closely miss the adder. You peck the adder.
You kill the adder!
You block the orc priest's attack. The orc barely misses you.
Your Fighting skill increases to level 4!
You hit the orc priest. You claw the orc priest. You peck the orc priest.
The orc priest is heavily wounded.
The orc priest mumbles some strange prayers to Beogh against you.
Pain shoots through your body!
You die...

###....#...........)...........
##.##....#......#...........
#...#.#.##†.................
#.....#.##)...#.............
.........#.#..#.............
..............................
...............................
#..............................
##..............@#.............
#.............o†##.##........
#.............o##............
##........#.......o......#
####.###.###......#?....# ###
### #.#.#..#.o.).#
##########........ .........
##........


You could see an orc priest and an orc.

Vanquished Creatures
  A scorpion (D:4)
  An orc priest (D:2)
  A sleepcap (D:4)
  10 gnolls
  6 adders
  4 dart slugs
  7 orcs
  5 bats
  5 endoplasms
  2 giant cockroaches
  7 goblins
  7 hobgoblins
  9 jackals
  2 quokkas
  4 ball pythons
  4 frilled lizards (D:1)
  7 kobolds
  6 rats
88 creatures vanquished.

Vanquished Creatures (others)
  2 plants (D:1)
2 creatures vanquished.

Grand Total: 90 creatures vanquished

Notes
Turn   | Place    | Note
-------+----------+-------------------------------------------
     0 | D:1      | Aneyh the Tengu Fighter began the quest for the Orb.
     0 | D:1      | Reached XP level 1. HP: 14/14 MP: 2/2
   116 | D:1      | Reached XP level 2. HP: 19/19 MP: 3/3
   128 | D:1      | Reached skill level 3 in Short Blades
   187 | D:1      | Reached XP level 3. HP: 15/23 MP: 4/4
   249 | D:1      | Found Guarap's One-of-a-Kind Rings.
   264 | D:1      | Reached skill level 4 in Short Blades
   309 | D:1      | Found a faded altar of an unknown god.
   708 | D:2      | Reached XP level 4. HP: 26/28 MP: 5/5
   739 | D:2      | Reached skill level 5 in Short Blades
   844 | D:2      | Gained mutation: Your magical nature lets you fly swiftly
                  | and evasively. [Tengu growth]
   844 | D:2      | Reached XP level 5. HP: 32/32 MP: 6/6
  1122 | D:2      | Reached skill level 6 in Short Blades
  2402 | D:3      | Reached XP level 6. HP: 35/37 MP: 7/7
  2693 | D:4      | Reached skill level 7 in Short Blades
  3214 | D:4      | HP: 1/38 [poisoned by an adder]
  3217 | D:4      | Killed from afar by an orc priest

Illustrated notes

Levels and vault maps discovered:
D:1:      scummos_arrival_star, layout_rooms, chequers_ecumenical_altar_grove,
          corexii_hall_statues_l, nicolae_shop_unique_rings,
          nicolae_grassy_gnolls
D:2:      layout_basic, kennysheep_generic_room_2
D:3:      layout_basic, small_statue_alley_b
D:4:      layout_cave_pools

Skill      XL: |  1  2  3  4  5  6 |
---------------+-------------------+-----
Short Blades   | 3 4 5 6 7 |  7.0
Fighting       | 4 |  4.0
Armour         | |  3.2
Shields        | |  3.0

Action                     |  1- 3 |  4- 6 || total
---------------------------+-------+-------++-------
  Melee: Rapier            |    71 |   197 ||   268
         Kick              |    15 |    63 ||    78
         Peck              |     7 |    37 ||    44
    Use: Potion            |       |     2 ||     2
 Armour: Scale mail        |    41 |    52 ||    93
  Dodge: Dodged            |    30 |    89 ||   119
  Block: Buckler           |    22 |    46 ||    68

Table legend: (Time is in decaauts)
 A = Elapsed time spent in this place.
 B = Non-inter-level travel time spent in this place.
 C = Inter-level travel time spent in this place.
 D = Time resting spent in this place.
 E = Time spent auto-exploring this place.
 F = Levels seen in this place.
 G = Mean time per level.
                   A        B        C        D        E       F      G
               +--------+--------+--------+--------+--------+-----+--------+
         Total |   3042 |   2882 |    160 |    420 |   1819 |   4 |  760.5 |
       Dungeon |   3042 |   2882 |    160 |    420 |   1819 |   4 |  760.5 |
               +--------+--------+--------+--------+--------+-----+--------+

Top non-repeatable levels by time:
     D:2: 1093 daAuts
     D:3: 987 daAuts
     D:1: 684 daAuts
     D:4: 276 daAuts
